 Dungeon Crawl Stone Soup version 0.20.1-1-g8b1a95d (webtiles) character file.

970 Linguinho the Shield-Bearer (level 7, -4/53 HPs)
             Began as a Demonspawn Fighter on Nov 12, 2017.
             Was a Believer of Dithmenos.
             Splashed by a jelly's acid (10 damage)
             ... on level 5 of the Dungeon.
             The game lasted 00:11:15 (5370 turns).

Linguinho the Shield-Bearer (Demonspawn Fighter)    Turns: 5370, Time: 00:11:17

Health: -4/53      AC: -19   Str: 18    XL:     7   Next: 94%
Magic:  7/7        EV: 11    Int: 10    God:    Dithmenos [**....]
Gold:   161        SH: 10    Dex: 12    Spells: 6/6 levels left

rFire    . . .     SeeInvis .   p - +0 dagger
rCold    . . .     Gourm    .   c - +0 shield
rNeg     . . .     Faith    .   s - +0 robe
rPois    .         Spirit   .   (helmet restricted)
rElec    .         Reflect  .   (no cloak)
rCorr    .         Harm     .   (no gloves)
MR       .....                  (no boots)
Stlth    ++++......             (no amulet)
Regen    0.2/turn               (no ring)
MPRegen  0.1/turn               (no ring)

@: corroded, wreathed by umbra
A: horns 1, molten scales 1, nightstalker 1, rot immunity
a: Shadow Step, Renounce Religion


You were on level 5 of the Dungeon.
You worshipped Dithmenos.
Dithmenos was pleased with you.
You were not hungry.

You visited 1 branch of the dungeon, and saw 5 of its levels.

You collected 161 gold pieces.

Inventory:

Hand Weapons
 p - a +0 dagger (weapon)
 u - a +1 vampiric hand axe
Armour
 b - a +0 scale mail
 c - a +0 shield (worn)
 s - a +0 robe (worn)
Jewellery
 a - an uncursed amulet of regeneration {unknown}
 t - an uncursed ring of magical power {unknown}
 x - an uncursed ring of stealth {unknown}
Wands
 f - a wand of iceblast (10/15)
 r - a wand of polymorph (6/24)
Scrolls
 e - 4 scrolls of identify
 g - 2 scrolls of remove curse {unknown}
 i - 2 scrolls of magic mapping {unknown}
 o - 2 scrolls of teleportation
 q - a scroll of blinking {unknown}
 w - a scroll of immolation {unknown}
 y - a scroll of amnesia {unknown}
Potions
 d - a potion of lignification {unknown}
 h - 2 potions of agility {unknown}
 k - a potion of resistance
 m - 4 potions of curing
 n - a potion of heal wounds {unknown}
 v - a potion of flight {unknown}
 z - a potion of might
Comestibles
 j - 3 royal jellies
 l - 3 meat rations


   Skills:
 - Level 3.8 Fighting
 * Level 2.4 Short Blades
 - Level 3.8 Axes
 - Level 3.3 Armour
 + Level 2.7 Dodging
 * Level 3.2 Stealth
 + Level 5.2 Shields


You had 6 spell levels left.
You didn't know any spells.

Dungeon Overview and Level Annotations

Branches:
Dungeon (5/15)
 Temple: D:4-7

Altars:
Dithmenos
Nemelex Xobeh


Innate Abilities, Weirdness & Mutations

You have a pair of small horns on your head.
You are partially covered in molten scales. (AC +2)
You are slightly more attuned to the shadows.
You are immune to rotting.


Message History

You hit the jelly but do no damage.
Your hands burn!
You headbutt the jelly, but do no damage.
The jelly is severely wounded.
You block the jelly's attack.
You hit the jelly but do no damage.
Your hands burn!
The jelly is severely wounded.
The jelly closely misses you.
You hit the jelly but do no damage. The acid corrodes you!
Your hands burn!
You headbutt the jelly, but do no damage.
The jelly is severely wounded.
The jelly hits you. The acid corrodes you!
You are splashed with acid!
The acid burns!
* * * LOW HITPOINT WARNING * * *
You hit the jelly but do no damage.
Your hands burn!
* * * LOW HITPOINT WARNING * * *
The jelly is severely wounded.
The jelly hits you.
* * * LOW HITPOINT WARNING * * *
You are splashed with acid!
The acid burns!
You die...

.# #.#..s.# .# #.#.#..# .#
#.#.#..#
.###############.#.#..#
..........)........#..#
################.#.#..#
#.#.#..#
################.###..#
>...(.........[.@.....#
.###############J####.#####
.............#............#
..##########.#.#.####.##.##
........#.............# #
.######.#.#......######
.######.#.#............
........#.#....###########
..#######.#..............#


You could see a jelly.

Vanquished Creatures
  Sigmund (D:2)
  An ogre (D:4)
  A howler monkey (D:4)
  A hound (D:4)
  2 orc priests
  A bullfrog skeleton (D:5)
  A centaur skeleton (D:5)
  Natasha (thrice) (D:2)
  An iguana (D:5)
  6 orc wizards
  3 worker ants
  A hound skeleton (D:5)
  A gnoll (D:1)
  5 adders
  5 oozes
  2 worms
  A dart slug (D:3)
  4 leopard geckos
  18 orcs
  5 giant cockroaches
  12 goblins
  7 hobgoblins
  4 jackals (D:3)
  9 kobolds
  4 quokkas
  A ball python (D:3)
  7 bats
  4 frilled lizards
  7 rats
118 creatures vanquished.

Notes
Turn   | Place    | Note
-------+----------+-------------------------------------------
     0 | D:1      | Linguinho the Demonspawn Fighter began the quest for the Orb.
     0 | D:1      | Reached XP level 1. HP: 18/18 MP: 1/1
   107 | D:1      | Reached skill level 3 in Shields
   107 | D:1      | Gained mutation: You have a pair of small horns on your head. [demonic ancestry]
   107 | D:1      | Reached XP level 2. HP: 23/24 MP: 2/2
   243 | D:1      | Gained mutation: You are partially covered in molten scales. (AC +2) [demonic ancestry]
   243 | D:1      | Reached XP level 3. HP: 28/29 MP: 3/3
   621 | D:2      | Found a shadowy altar of Dithmenos.
   785 | D:2      | Noticed Sigmund
   792 | D:2      | Killed Sigmund
   792 | D:2      | Reached skill level 1 in Dodging
   792 | D:2      | Gained mutation: You are immune to rotting. [demonic ancestry]
   792 | D:2      | Reached XP level 4. HP: 35/37 MP: 4/4
   792 | D:2      | Reached XP level 5. HP: 40/42 MP: 5/5
   813 | D:2      | Noticed Natasha
   822 | D:2      | Killed Natasha
  1102 | D:2      | Noticed Natasha
  1107 | D:2      | Killed Natasha
  1107 | D:2      | Gained mutation: You are slightly more attuned to the shadows. [demonic ancestry]
  1107 | D:2      | Reached XP level 6. HP: 48/48 MP: 6/6
  1337 | D:2      | Noticed Natasha
  1350 | D:2      | Killed Natasha
  1438 | D:2      | Became a worshipper of Dithmenos the Shadowed
  1768 | D:3      | Reached skill level 1 in Stealth
  1865 | D:3      | Reached * piety under Dithmenos
  1865 | D:3      | Reached skill level 4 in Shields
  1920 | D:3      | Reached skill level 1 in Short Blades
  2146 | D:3      | Found a sparkling altar of Nemelex Xobeh.
  2404 | D:4      | Reached XP level 7. HP: 47/53 MP: 7/7
  3472 | D:5      | Entered Level 5 of the Dungeon
  3552 | D:5      | Reached ** piety under Dithmenos
  4506 | D:5      | Reached skill level 5 in Shields
  5370 | D:5      | Splashed by a jelly's acid

Skill      XL: |  1  2  3  4  5  6  7 |
---------------+----------------------+-----
Shields        | 3 4 5 |  5.2
Armour         | 3 |  3.3
Axes           | 2 3 |  3.8
Dodging        | 1 2 |  2.7
Stealth        | 2 3 |  3.2
Short Blades   | 1 2 |  2.4
Fighting       | |  3.8

Action                   |  1- 3 |  4- 6 |  7- 9 || total
-------------------------+-------+-------+-------++-------
Melee: War axe           |    87 |    47 |       ||   134
       Headbutt          |     9 |    24 |    47 ||    80
       Hand axe          |       |   118 |    81 ||   199
       Unarmed           |       |    11 |       ||    11
       Dagger            |       |       |   124 ||   124
  Use: Potion            |     1 |       |     1 ||     2
       Scroll            |       |       |     3 ||     3
 Stab: Sleeping          |       |     2 |     3 ||     5
       Distracted        |       |       |     1 ||     1
  Eat: Fruit             |       |     3 |       ||     3
       Chunk             |       |     2 |     6 ||     8
       Bread ration      |       |     1 |     1 ||     2
Armor: Scale mail        |    42 |    74 |    65 ||   181
Dodge: Dodged            |    28 |    77 |    48 ||   153
Block: Shield            |    57 |   103 |    82 ||   242
